 Dungeon Crawl Stone Soup version 0.23.3-3-gaaff5abdbf (webtiles) character file.

Game seed: 928045575607404639

28 rgnkln the Sneak (level 3, 0/16 HPs)
             Began as a Spriggan Enchanter on Oct 13, 2021.
             Slain by a rat (1 damage)
             ... on level 2 of the Dungeon.
             The game lasted 00:03:59 (938 turns).

rgnkln the Sneak (Spriggan Enchanter)                Turns: 938, Time: 00:03:59

Health: 0/16       AC:  3    Str:  5    XL:     3   Next: 0%
Magic:  1/9        EV: 18    Int: 16    God:
Gold:   0          SH:  0    Dex: 16    Spells: 6/9 levels left

rFire    . . .     SeeInvis +   a - +3 dagger
rCold    . . .     Gourm    .   (shield restricted)
rNeg     . . .     Faith    .   b - +1 robe
rPois    .         Spirit   .   (helmet restricted)
rElec    .         Reflect  .   (no cloak)
rCorr    .         Harm     .   (gloves unavailable)
MR       +....                  (boots unavailable)
Stlth    +++.......             (no amulet)
HPRegen  0.05/turn              g - ring of protection from magic
MPRegen  0.11/turn              (no ring)

@: very quick
A: very small, unfitting armour, see invisible, herbivore, speed 3, slow
metabolism 2
a: no special abilities


You were on level 2 of the Dungeon.
You were not hungry.

You visited 1 branch of the dungeon, and saw 2 of its levels.

Inventory:

Hand Weapons
 a - a +3 dagger (weapon)
 c - a +0 dagger of venom
Armour
 b - a +1 robe (worn)
Jewellery
 g - a ring of protection from magic (left hand)
Wands
 e - a wand of iceblast (3)
Comestibles
 d - 2 rations


   Skills:
 - Level 1.1 Short Blades
 - Level 3.0 Dodging
 - Level 4.4 Stealth
 + Level 3.6 Spellcasting
 + Level 4.4 Hexes


You had 6 spell levels left.
You knew the following spells:

 Your Spells              Type           Power        Failure   Level  Hunger
a - Corona                Hex            ###....      2%          1    None
b - Ensorcelled Hibernat  Hex/Ice        ##....       11%         2    ##.....

Your spell library contained the following spells:

 Spells                   Type           Power        Failure   Level  Hunger
 Confuse                  Hex            ###.....     9%          3    ###....
 Tukima's Dance           Hex            ###.....     9%          3    ###....
 Dazzling Spray           Conj/Hex       ##....       22%         3    ###....


Dungeon Overview and Level Annotations

Branches:
Dungeon (2/15)

Altars:


Innate Abilities, Weirdness & Mutations

You are very small and have problems with some larger weapons.
You are too small for most types of armour.
You have supernaturally acute eyesight. (SInv)
You are a herbivore.
You cover ground extremely quickly.
You need to consume almost no food.


Message History

Press: ? - help, Shift-Dir - straight line, f/p - worm
Aim: a worm (softly glowing, chance to defeat MR: 50%)
The worm resists with some effort.
The rat misses you. The worm barely misses you.
Casting: Ensorcelled Hibernation (safe; 11% risk of failure)
Confirm with . or Enter, or press ? or * to list all spells.
You don't have enough magic to cast that spell.
Unknown command.
You hit the worm.
The worm is lightly wounded.
The rat bites you but does no damage.
You hit the worm.
The worm is lightly wounded.
The rat misses you. The worm bites you!
Ouch! That really hurt!
* * * LOW HITPOINT WARNING * * *
You hit the worm.
The worm is lightly wounded.
The rat bites you.
You die...

###
.....#######
.......r@w.#
(###...###.#
#... #.#
#..r###.#
..........#
..........#
...........##
.###...###..#
.... #...
#..#


You could see a worm and a rat.

Vanquished Creatures
  A leopard gecko (D:2)
  A ball python (D:1)
  3 bats (D:1)
  A giant cockroach (D:1)
  4 goblins
  5 hobgoblins
  3 jackals (D:1)
  2 frilled lizards
  3 kobolds (D:1)
  2 rats (D:1)
25 creatures vanquished.

Notes
Turn   | Place    | Note
-------+----------+-------------------------------------------
     0 | D:1      | rgnkln the Spriggan Enchanter began the quest for the Orb.
     0 | D:1      | Reached XP level 1. HP: 9/9 MP: 5/5
   481 | D:2      | Reached XP level 2. HP: 13/13 MP: 7/7
   488 | D:2      | Learned a level 2 spell: Ensorcelled Hibernation
   877 | D:2      | Found a faded altar of an unknown god.
   930 | D:2      | Reached XP level 3. HP: 9/16 MP: 9/9
   938 | D:2      | Slain by a rat

Skill      XL: |  1 |
---------------+----+-----
Spellcasting   | 3 |  3.6
Hexes          | 4 |  4.4
Short Blades   | |  1.1
Dodging        | |  3.0
Stealth        | |  4.4

Action                   || total
-------------------------++-------
Melee: Dagger            ||    72
 Cast: Ensorcelled Hiber ||    11
       Corona            ||     4
Evoke: Wand              ||     1
  Use: Scroll            ||     5
 Stab: Sleeping          ||     6
       Distracted        ||     1
Armor: Robe              ||    18
Dodge: Dodged            ||   103
